 Dungeon Crawl Stone Soup version 0.24.0-41-g2ae2f7f1be (webtiles) character file.

Game seed: 13682371509384476104, levelgen mode: deterministic

78 ReteAZ the Covered (level 4, -1/29 HPs)
             Began as a Gargoyle Fighter on Dec 14, 2019.
             Killed from afar by Natasha (6 damage)
             ... with a magic dart
             ... on level 2 of the Dungeon.
             The game lasted 00:01:03 (779 turns).

ReteAZ the Covered (Gargoyle Fighter)                Turns: 779, Time: 00:01:03

Health: -1/29      AC: 10    Str: 21    XL:     4   Next: 36%
Magic:  4/4        EV:  7    Int:  8    God:
Gold:   64         SH:  9    Dex:  9    Spells: 3/3 levels left

rFire    . . .     SeeInvis .   a - +0 war axe
rCold    . . .     Gourm    .   c - +0 shield
rNeg     + . .     Faith    .   b - +0 scale mail
rPois    ∞         Spirit   .   (no helmet)
rElec    +         Reflect  .   (no cloak)
rCorr    .         Harm     .   (no gloves)
MR       .....                  (no boots)
Stlth    ..........             (no amulet)
HPRegen  0.09/turn              (no ring)
MPRegen  0.09/turn              (no ring)

@: slowed, very slow
A: negative energy resistance 1, electricity resistance, unbreathing,
petrification resistance, rot immunity, AC +3
a: no special abilities


You were on level 2 of the Dungeon.
You were not hungry.

You visited 1 branch of the dungeon, and saw 2 of its levels.

You collected 64 gold pieces.

Inventory:

Hand Weapons
 a - a +0 war axe (weapon)
Armour
 b - a +0 scale mail (worn)
 c - a +0 shield (worn)
Jewellery
 k - an uncursed ring of protection from fire {unknown}
Scrolls
 l - a scroll of amnesia {unknown}
Potions
 d - a potion of might
 e - a potion of brilliance {unknown}
 g - a potion of curing {unknown}
 h - a potion of invisibility {unknown}
 i - 2 potions of degeneration {unknown}
Comestibles
 f - 2 rations
 j - 3 chunks of flesh


   Skills:
 + Level 3.8 Fighting
 * Level 2.9 Axes
 + Level 3.8 Armour
 + Level 3.8 Shields


You had 3 spell levels left.
You didn't know any spells.
Your spell library was empty.

Dungeon Overview and Level Annotations

Branches:
Dungeon (2/15)

Altars:

Annotations:
D:2 Natasha


Innate Abilities, Weirdness & Mutations

You are resistant to torment.
Your stone body is resilient. (AC +3)
You are immune to poison.
You resist negative energy. (rN+)
You are resistant to electric shocks. (rElec)
You can survive without breathing.
You are immune to petrification.
You are immune to rotting.


Message History

The adder bites you but does no damage. Natasha claws you but does no damage.
The adder bites you but does no damage.
You closely miss Natasha.
Natasha is almost dead.
Your shield and scale mail prevent you from hitting the adder.
Natasha barely misses you. The adder barely misses you. Natasha claws you.
* * * LOW HITPOINT WARNING * * *
You block the adder's attack.
You barely miss Natasha.
Natasha is almost dead.
You hit the adder.
You kill the adder!
You block Natasha's attack. Natasha claws you but does no damage.
Natasha barely misses you.
You hit Natasha.
Natasha is almost dead.
You block Natasha's attack. Natasha casts a spell at you.
The magic dart hits you.
You die...

##..........####
#......<. #......###.#
...... ..###.##.
#####.#....# ..... ...#
.# ## #.#.#### ....
..... .# #.#...........
...###
.######.#########.. ...#
..........# .#....#
####....#.# ###.#....#
####.####.#####.@......#
.....# ##.#.....#h#....#
.##### #..#.#####w# ..#
.# #.##.# .. # .# #....#
..# .# ###### ##. .# ..
.# .# ##


You could see a worm and Natasha.

Vanquished Creatures
  Natasha (D:2)
  2 adders (D:2)
  A worm (D:2)
  3 bats
  2 giant cockroaches (D:1)
  3 goblins
  5 hobgoblins
  5 kobolds (D:1)
  2 quokkas (D:2)
  2 ball pythons
  5 frilled lizards
  2 rats
33 creatures vanquished.

Notes
Turn   | Place    | Note
-------+----------+-------------------------------------------
     0 | D:1      | ReteAZ the Gargoyle Fighter began the quest for the Orb.
     0 | D:1      | Reached XP level 1. HP: 14/14 MP: 1/1
    65 | D:1      | Reached XP level 2. HP: 16/19 MP: 2/2
   477 | D:2      | Reached XP level 3. HP: 23/23 MP: 3/3
   649 | D:2      | Noticed Natasha
   657 | D:2      | Killed Natasha
   657 | D:2      | Reached XP level 4. HP: 20/29 MP: 4/4
   766 | D:2      | Noticed Natasha
   779 | D:2      | Killed from afar by Natasha

Levels and vault maps discovered:
D:1:      ncdulo_wetmaze, layout_basic
D:2:      layout_basic, minmay_strange_pillars, uniq_natasha

Skill      XL: |  1 |
---------------+----+-----
Axes           | 2 |  2.9
Fighting       | |  3.8
Armour         | |  3.8
Shields        | |  3.8

Action                   |  1- 3 |  4- 6 || total
-------------------------+-------+-------++-------
Melee: War axe           |    94 |    22 ||   116
Armor: Scale mail        |    57 |    25 ||    82
Dodge: Dodged            |    39 |    12 ||    51
Block: Shield            |    61 |    19 ||    80
